 Dungeon Crawl Stone Soup version 0.27-a0-1308-gc08437e49b (webtiles) character file.

Game seed: 3591194025659587942

28 flotson the Sneak (level 3, 0/43 HPs)
             Began as a Demonspawn Delver on June 18, 2021.
             Slain by a mummy (3 damage)
             ... in an ossuary.
             The game lasted 00:01:36 (380 turns).

flotson the Sneak (Demonspawn Delver)                Turns: 380, Time: 00:01:36

Health: 0/43       AC: 21    Str: 13    XL:     3   Next: 0%
Magic:  3/3        EV:  2    Int: 11    God:
Gold:   0          SH:  0    Dex: 14    Spells: 2/2 levels left

rFire    . . .     SeeInvis .   a - +0 hand axe
rCold    . . .     Faith    .   (no shield)
rNeg     + + +     Spirit   .   (armour currently unavailable)
rPois    +         Reflect  .   (helmet currently unavailable)
rElec    .         Harm     .   (cloak currently unavailable)
rCorr    .         Rampage  .   (gloves currently unavailable)
Will     .....     NoTele   +   (boots currently unavailable)
Stlth    +++.......             (no amulet)
HPRegen  0.14/turn              (no ring)
MPRegen  0.08/turn              (no ring)

@: tree-form, hasted, very quick
A: stationary, stasis, torment immunity, boosted hp, (talons 1), demonic magic 1
a: no special abilities


You were in an ossuary.
You were a tree.
You visited 1 branch of the dungeon, and saw 3 of its levels.
You also visited: Ossuary.

Inventory:

Hand Weapons
 a - a +0 hand axe (weapon)
 h - a +0 trident
Missiles
 i - 7 javelins (quivered)
Armour
 b - a +0 leather armour (melded)
Wands
 g - a wand of digging (3)
Scrolls
 c - 2 scrolls of fog


   Skills:
 + Level 3.2 Fighting
 + Level 2.1 Axes
 + Level 0.3 Throwing
 + Level 0.8 Armour
 + Level 2.1 Dodging
 - Level 4.5 Stealth
 + Level 0.2 Evocations


You had 2 spell levels left.
You didn't know any spells.
Your spell library was empty.

Dungeon Overview and Level Annotations

Branches:
Dungeon (7/15)            Ossuary (1/1)
 Temple: D:4-7

Altars:


Innate Abilities, Weirdness & Mutations

You are a tree.
Your roots penetrate the ground, keeping you stationary.
You cannot be teleported.
You are immune to unholy pain and torment.
Your maximum health is greatly increased.
Your equipment is partially melded.
((You have sharp toenails.))
Spells you cast may paralyse adjacent enemies.


Message History

You completely miss the mummy. You hit the mummy. x2
The mummy hits you but does no damage.
Unknown command.
You hit the mummy.
The mummy is heavily damaged.
You hit the mummy but do no damage. You barely miss the mummy.
The mummy hits you.
* * * LOW HITPOINT WARNING * * *
The mummy completely misses you.
You hit the mummy.
The mummy is heavily damaged.
You hit the mummy. x2; The mummy hits you.
* * * LOW HITPOINT WARNING * * *
You hit the mummy.
The mummy is almost destroyed.
You completely miss the mummy. You hit the mummy but do no damage.
The mummy hits you.
* * * LOW HITPOINT WARNING * * *
The mummy hits you but does no damage.
You hit the mummy.
You destroy the mummy!
You hit the mummy. x2
You have reached level 3!
Your experience leads to an increase in your attributes!
Increase (S)trength, (I)ntelligence, or (D)exterity?
You feel stronger.
Your demonic ancestry asserts itself...
Your toenails lengthen and sharpen.
You hit the mummy.
The mummy is moderately damaged.
You hit the mummy. The mummy hits you but does no damage. The mummy hits you.
* * * LOW HITPOINT WARNING * * *
As you read the scroll of fear, it crumbles to dust.
You assume a fearsome visage.
The mummy is unaffected. x2
You hit the mummy.
The mummy is heavily damaged.
You completely miss the mummy. You hit the mummy.
The mummy is severely damaged.
You hit the mummy but do no damage. The mummy hits you.
You die...

## ###
#.###.########..#
........#......##
.......♣M.∩.∩...#
.......M#......##
#.###.########..#
## ###


You could see 2 mummies.

Vanquished Creatures
  A hound skeleton (D:5)
  A mummy (Ossuary)
  An orc (D:7)
  A goblin zombie (Ossuary)
  A kobold zombie (Ossuary)
  2 rat zombies (Ossuary)
7 creatures vanquished.

Notes
Turn   | Place    | Note
-------+----------+-------------------------------------------
     0 | D:5      | flotson the Demonspawn Delver began the quest for the Orb.
     0 | D:5      | Reached XP level 1. HP: 18/18 MP: 1/1
    31 | D:5      | Gained mutation: Spells you cast may paralyse adjacent
                  | enemies. [demonic ancestry]
    31 | D:5      | Reached XP level 2. HP: 11/24 MP: 2/2
   219 | D:4      | You fall into a shaft and drop 3 floors!
   334 | D:7      | Noticed a gnoll sergeant
   343 | D:7      | Found a sand-covered staircase.
   349 | Ossuary  | Entered an ossuary
   377 | Ossuary  | Gained mutation: You have sharp toenails. [demonic
                  | ancestry]
   377 | Ossuary  | Reached XP level 3. HP: 6/29 MP: 3/3
   380 | Ossuary  | Slain by a mummy

Illustrated notes

Levels and vault maps discovered:
D:4:      layout_loops_cross, amcnicky_altar_gilded,
          gammafunk_ghost_abyssal_escape, grunt_ministairs_11
D:5:      layout_basic, minivault_11, roderic_lattice_a, uniq_crazy_yiuf_cottage
D:7:      layout_cave_pods, gup_ossuary_entry_pyramid
Ossuary:  ossuary_minmay_chase

Skill      XL: |  1 |
---------------+----+-----
Axes           | 2 |  2.1
Dodging        | 2 |  2.1
Fighting       | |  3.2
Throwing       | |  0.3
Armour         | |  0.8
Stealth        | |  4.5
Evocations     | |  0.2

Action                   || total
-------------------------++-------
Melee: Hand axe          ||    22
       Trident           ||     7
  Use: Potion            ||     2
       Scroll            ||     2
 Stab: Sleeping          ||     2
Armor: Leather armour    ||     1
       Skin              ||    18
Dodge: Dodged            ||    10

Table legend: (Time is in decaauts)
 A = Elapsed time spent in this place.
 B = Non-inter-level travel time spent in this place.
 C = Inter-level travel time spent in this place.
 D = Time resting spent in this place.
 E = Time spent auto-exploring this place.
 F = Levels seen in this place.
 G = Mean time per level.
                   A        B        C        D        E       F      G
               +--------+--------+--------+--------+--------+-----+--------+
         Total |    375 |    375 |      0 |    140 |    120 |   4 |   93.8 |
       Dungeon |    349 |    349 |      0 |    140 |    120 |   3 |  116.3 |
       Ossuary |     25 |     25 |      0 |      0 |      0 |   1 |   25.0 |
               +--------+--------+--------+--------+--------+-----+--------+

Top non-repeatable levels by time:
     D:5: 186 daAuts
     D:7: 129 daAuts
     D:4: 33 daAuts
 Ossuary: 25 daAuts
